 Dungeon Crawl Stone Soup version 0.29.1-13-g9f3cf754e1 (webtiles) character file.

Game seed: 418819982068093312

101 bjubeck the Chopper (level 4, -9/63 HPs)
             Began as a Minotaur Berserker on Feb 7, 2023.
             Was a Believer of Trog.
             Mangled by Sigmund
             ... wielding a +0 scythe
              (11 damage)
             ... on level 2 of the Dungeon.
             The game lasted 00:04:05 (2202 turns).

bjubeck the Chopper (Minotaur Berserker)            Turns: 2202, Time: 00:04:06

Health: -9/63      AC:  2    Str: 24    XL:     4   Next: 48%
Magic:  3/3        EV: 16    Int:  4    God:    Trog [**....]
Gold:   47         SH:  0    Dex:  9    Spells: 3/3 levels left

rFire   . . .      SeeInvis .   a - +0 hand axe
rCold   . . .      Faith    .   (no shield)
rNeg    . . .      Spirit   .   b - +0 animal skin
rPois   .          Reflect  .   (helmet restricted)
rElec   .          Harm     .   (no cloak)
rCorr   .          Rampage  .   (no gloves)
Will    .....                   (no boots)
Stlth   ..........              (no amulet)
HPRegen 0.20/turn               n - +4 ring of evasion
MPRegen 0.08/turn               (no ring)

@: berserking, very quick
A: horns 2, retaliatory headbutt
a: Renounce Religion, Berserk, Trog's Hand


You were on level 2 of the Dungeon.
You worshipped Trog.
Trog was pleased with you.
You visited 1 branch of the dungeon, and saw 2 of its levels.

You collected 103 gold pieces.
You spent 56 gold pieces at shops.

Inventory:

Hand Weapons
 a - a +0 hand axe (weapon)
Armour
 b - a +0 animal skin (worn)
Jewellery
 f - a ring of protection from cold
 n - a +4 ring of evasion (left hand)
Scrolls
 c - 2 scrolls of identify {unknown}
 d - a scroll of blinking {unknown}
 g - 2 scrolls of amnesia {unknown}
 i - a scroll of teleportation
 j - 2 scrolls of noise
 k - a scroll of enchant weapon {unknown}
 q - a scroll of magic mapping {unknown}
Potions
 e - a potion of curing {unknown}
 h - a potion of mutation {unknown}
 l - a potion of resistance {unknown}
 m - a potion of degeneration {unknown}
 o - 2 potions of might {unknown}
 p - a potion of cancellation {unknown}


   Skills:
 + Level 5.2 Fighting
 + Level 5.2 Axes
 - Level 2.4 Armour
 - Level 2.1 Dodging


You had 3 spell levels left.
You didn't know any spells.
Your spell library was empty.

Dungeon Overview and Level Annotations

Branches:
Dungeon (2/15)

Altars:
Ashenzari

Shops:
D:2 ?

Annotations:
D:2 Sigmund


Innate Abilities, Weirdness & Mutations

You have a pair of horns on your head.
You reflexively headbutt those who attack you in melee.


Message History

A worm comes into view. x2
An endoplasm comes into view.
A quokka comes into view.
A magic dart appears from out of thin air!
The magic dart hits you. Something hits you! Something hits you!
You see here a hobgoblin corpse.
You closely miss something. You completely miss the goblin. Something hits you.
The goblin barely misses you.
A red film seems to cover your vision as you go berserk!
You feel yourself moving faster!
You feel mighty! The goblin hits you with a +0 club. Something hits you!
You closely miss something. Your headbutt misses something.
You slash the goblin!
You kill the goblin!
Trog accepts your kill.
You slash the goblin!
You kill the goblin!
Trog accepts your kill.
You slash something! You closely miss the hobgoblin. You hit something.
Your headbutt misses something. Your punch misses something.
You slash the hobgoblin!
You kill the hobgoblin!
Trog accepts your kill.
You closely miss the quokka. The quokka closely misses you. Something hits you!
* * * LOW HITPOINT WARNING * * *
You closely miss something. You barely miss the quokka.
You slash the endoplasm!
You kill the endoplasm!
Trog accepts your kill. The quokka completely misses you.
You closely miss something. You slash the quokka!
You kill the quokka!
Trog accepts your kill.
You hear some strange, mumbled words.
A puff of flame appears from out of thin air!
The puff of flame hits you!
* * * LOW HITPOINT WARNING * * *
You closely miss something. Your headbutt misses something. Something hits you!
You die...

.......# #.........# ........
#....w..g.# ........ #.........#
........ #.####...w.....#
........ #.##....... ...#
........ #.#..#.w#.###.###
.......# #.#....##.#.....#
......#####.#..#{>w...#.###
...#####.....<.)@.#####.# ...###
#.......#.#...##.# ^....#
#.............##.###♣♣♣
#..#.####..#..#......PPP~P~~~♣♣♣
.....##...##.........P~P~P~PP~~♣
.##...>.#.............~~PP~≈≈~~~
####......#.#........~~~~~~≈≈≈≈≈
.#.....##........##....PP~≈≈≈≈≈≈
...#.............##...P~~~≈≈≈≈≈≈


You could see 2 worms.

Vanquished Creatures
  Jessica (D:2)
  An adder (D:2)
  A worm (D:2)
  3 dart slugs
  3 ball pythons
  3 bats (D:1)
  8 endoplasms
  2 giant cockroaches (D:1)
  6 hobgoblins
  5 jackals (D:1)
  3 quokkas (D:2)
  2 frilled lizards (D:2)
  5 goblins
  5 kobolds (D:2)
  3 rats
51 creatures vanquished.

Vanquished Creatures (others)
  A demonic plant (D:1)
  6 plants
  2 withered plants (D:1)
9 creatures vanquished.

Grand Total: 60 creatures vanquished

Notes
Turn   | Place    | Note
-------+----------+-------------------------------------------
     0 | D:1      | bjubeck the Minotaur Berserker began the quest for the Orb.
     0 | D:1      | Reached XP level 1. HP: 19/19 MP: 0/0
   199 | D:1      | Reached XP level 2. HP: 21/27 MP: 1/1
   575 | D:1      | Found a faded altar of an unknown god.
   852 | D:1      | Reached XP level 3. HP: 33/34 MP: 2/2
  1024 | D:1      | Reached ** piety under Trog
  1420 | D:2      | Found Nuidu's Magic Scroll Shoppe.
  1426 | D:2      | Bought a scroll of teleportation for 42 gold pieces
  1426 | D:2      | Bought a scroll of noise for 14 gold pieces
  1711 | D:2      | Found a broken altar of Ashenzari.
  1719 | D:2      | Noticed Jessica
  1728 | D:2      | Killed Jessica
  1729 | D:2      | Reached skill level 5 in Fighting
  1729 | D:2      | Reached skill level 5 in Axes
  1729 | D:2      | Reached XP level 4. HP: 4/42 MP: 3/3
  2167 | D:2      | Noticed Sigmund
  2201 | D:2      | HP: 1/63 [something/puff of flame (9)]
  2202 | D:2      | Mangled by Sigmund

Illustrated notes

Levels and vault maps discovered:
D:1:      nzn_arrival_depleted_hourglass, layout_loops_corners,
          shapermc_ecumenical_altar_gd, amethyst_killhole
D:2:      layout_rooms, serial_bayou, serial_bayou_shore_a, serial_bayou_pond_b,
          serial_bayou_pond_e, serial_bayou_ford_a, basic_altar, serial_shops,
          nicolae_diamond_shop, uniq_sigmund, uniq_jessica

Skill      XL: |  1  2  3 |
---------------+----------+-----
Fighting       | 4 5 |  5.2
Axes           | 4 5 |  5.2
Armour         | |  2.4
Dodging        | |  2.1

Action                   |  1- 3 |  4- 6 || total
-------------------------+-------+-------++-------
Melee: Hand axe          |    79 |    11 ||    90
       Headbutt          |    10 |       ||    10
       Punch             |     1 |       ||     1
Invok: Berserk           |     1 |     1 ||     2
 Stab: Sleeping          |     4 |       ||     4
Armor: Animal skin       |    12 |       ||    12
Dodge: Dodged            |    49 |     5 ||    54
